 Dungeon Sprint DCSS version 0.31-a0-37-g98a128e1d9 (webtiles) character file.

Game seed: 18313332956057711953

12317 sircluck the Brawler (level 11, -3/166 HPs)
             Began as a Troll Berserker on May 15, 2023.
             Was the Champion of Trog.
             Slain by a 16-headed hydra (7 damage)
             ... while paralysed by a floating eye
             ... in the Dungeon (Sprint I: "Red Sonja").
             The game lasted 00:08:06 (1233 turns).

sircluck the Brawler (Troll Berserker)              Turns: 1233, Time: 00:08:06

Health: -3/166     AC: 16    Str: 31    XL:     11   Next: 60%
Magic:  8/8        EV:  1    Int:  1    God:    Trog [******]
Gold:   582        SH:  0    Dex:  7    Spells: 10/10 levels left

rFire   + +          .
                       - Unarmed
rCold   x x .        l - +0 kite shield
rNeg    . . .        r - +6 fire dragon scales "Seulod" {rF++ rC- Regen+}
rPois   .            (helmet restricted)
rElec   .            (no cloak)
rCorr   .            (gloves unavailable)
SInv    .            (boots unavailable)
Will    .....        (no amulet) Stlth
                     (no ring)
HPRegen 2.07/turn    (no ring)
MPRegen 0.11/turn

%: no teleportation
@: paralysed, berserking, unable to read
A: large, unfitting armour, claws 3, regeneration 1, shaggy fur 1, tough skin 1,
clumsy 1, dopey 1, frail 1, low MP 1, screaming 1, cold vulnerability 1,
inability to read after injury 2
a: Renounce Religion, Berserk, Trog's Hand, Brothers in Arms


You were in the Dungeon.
You worshipped Trog.
Trog was exalted by your worship.
You visited 1 branch You collected 2162 gold pieces.
You spent 1580 gold pieces at shops.

Inventory:

Missiles
 c - 5 curare-tipped darts (quivered)
 i - 5 boomerangs
 j - 11 stones
 n - 5 large rocks
 p - 5 silver boomerangs
Armour
 a - a +0 animal skin
 l - a +0 kite shield (worn)
 r - the +6 fire dragon scales "Seulod" (worn) {rF++ rC- Regen+}
   (You bought it in a shop in the Dungeon)

   rF:        It greatly protects you from fire.
   rC:        It makes you vulnerable to cold.
   Regen:     It increases your rate of health regeneration.
Wands
 h - a wand of mindburst (16)
Scrolls
 g - a scroll of blinking
 k - a scroll of identify
 m - a scroll of summoning
Potions
 b - 4 potions of curing
 d - 2 potions of haste
 e - 2 potions of magic
 f - a potion of berserk rage
 o - a potion of mutation
 q - 2 potions of heal wounds


   Skills:
 + Level 12.7 Fighting
 + Level 1.3 Throwing
 + Level 1.8 Armour
 + Level 13.5 Dodging
 + Level 3.5 Shields
 + Level 19.6 Unarmed Combat


You had 10 spell levels left.
You didn't know any spells.
Your spell library was empty.

Dungeon Overview and Level Annotations

Branches:
Dungeon (1/1)

Altars:
Cheibriados
Dithmenos
Elyvilon
Fedhas
Gozag
Hepliaklqana
Kikubaaqudgha
Makhleb
Nemelex Xobeh
Okawaru
Qazlal
Ru
Sif Muna
Trog
Uskayaw
Vehumet
Wu Jian
Xom
Yredelemnul
Zin
The Shining One
Jiyva
Lugonu

Shops:
D :[:[[:*:[(*[![([**?[*


Innate Abilities, Weirdness & Mutations

You are too large for most types of armour.
You have claws for hands.
Your natural rate of healing is unusually fast.
You are covered in fur. (AC +1)
You have tough skin. (AC +1)
You are clumsy. (Dex -2)
You are dopey. (Int -2)
You are frail. (-10% HP)
Your magical capacity is low. (-10% MP)
You occasionally shout uncontrollably at your foes.
You are vulnerable to cold. (rC-)
You sometimes lose the ability to read scrolls when taking damage.


Message History

You tear one of the 14-headed hydra's heads off!
The 13-headed hydra grows two more!
You claw the 15-headed hydra!
The 15-headed hydra is almost dead.
The 15-headed hydra bites you but does no damage.
The 15-headed hydra barely misses you. The 15-headed hydra bites you.
The 15-headed hydra closely misses you. You block the 15-headed hydra's attack.
The 15-headed hydra closely misses you. The 15-headed hydra bites you!
The 15-headed hydra bites you but does no damage. x5
The 15-headed hydra bites you.
* * * LOW HITPOINT WARNING * * *
The 15-headed hydra bites you.
* * * LOW HITPOINT WARNING * * *
The 15-headed hydra bites you but does no damage.
You rip one of the 15-headed hydra's heads off!
The 14-headed hydra grows two more!
You claw the 16-headed hydra!
The 16-headed hydra is almost dead.
The floating eye gazes piercingly through you!
You suddenly lose the ability to move!
The 16-headed hydra completely misses you.
The 16-headed hydra bites you but does no damage. x3
The 16-headed hydra bites you!
* * * LOW HITPOINT WARNING * * *
The 16-headed hydra bites you but does no damage.
The 16-headed hydra bites you!
* * * LOW HITPOINT WARNING * * *
The 16-headed hydra bites you but does no damage.
The 16-headed hydra bites you!
* * * LOW HITPOINT WARNING * * *
The 16-headed hydra bites you but does no damage.
The 16-headed hydra bites you.
* * * LOW HITPOINT WARNING * * *
The 16-headed hydra bites you!
* * * LOW HITPOINT WARNING * * *
The 16-headed hydra bites you but does no damage.
The 16-headed hydra completely misses you.
The 16-headed hydra bites you but does no damage. x2
The 16-headed hydra bites you but does no damage.
The 16-headed hydra completely misses you.
The 16-headed hydra bites you!
You die...

#####################************
).#..#§§§)†.§.§§@DG$#,,+,,,,*,,,,
.†##'#§####§§§§§##$.+,,*,,,,**,,,
.)'§§#§#,*##.§§##**##*+*,,,,,****
###.§§.#+*,###§#,,,**,,*,,,,,*,,,
.##+####,,,*,#.#*,,,*,,**,,,,*,∩,
.#,,,,,*,,,**#§§###$#,,~***+**,,,
.#,,,,,+,,,,,##.#A#$#,,~,,*,****+
'###,,,*,,,,,*,.###$#,,~,**+*,,,,
.'.#,,,***++**,##..$#,,~**,,,,,,,


You could see a 16-headed hydra and a floating eye.

Vanquished Creatures
  2 centaur warriors (D)
  Sonja (D)
  A deep troll (D)
  A lindwurm (D)
  An oklob plant (D)
  A shining eye (D)
  4 demonic crawlers (D)
  2 kobold demonologists (D)
  2 unseen horrors (D)
  A hornet (D)
  A slime creature (D)
  Sigmund (D)
  A yak (D)
  13 hogs (D)
  2 redbacks (D)
  2 floating eyes (D)
  An ogre (D)
  7 necrophages (D)
  8 jellies (D)
  Ijyb (D)
53 creatures vanquished.

Vanquished Creatures (collateral kills)
  7 shining eyes (D)
  4 floating eyes (D)
11 creatures vanquished.

Vanquished Creatures (others)
  2 ballistomycete spores (D)
2 creatures vanquished.

Grand Total: 66 creatures vanquished

Notes
Turn   | Place    | Note
-------+----------+-------------------------------------------
     0 | D        | sircluck the Troll Berserker began the quest for the Orb.
     0 | D        | Reached XP level 1. HP: 22/22 MP: 0/0
     1 | D        | Noticed Ijyb
     8 | D        | HP: 1/33 [disintegration (20)]
     9 | D        | Killed Ijyb
    10 | D        | Reached skill level 4 in Unarmed Combat
    10 | D        | Reached XP level 2. HP: 3/32 MP: 1/1
    55 | D        | Noticed an ogre
    58 | D        | Killed an ogre
    59 | D        | Reached skill level 5 in Fighting
    59 | D        | Reached skill level 6 in Unarmed Combat
    59 | D        | Reached XP level 3. HP: 42/42 MP: 2/2
    59 | D        | Reached XP level 4. HP: 50/50 MP: 3/3
   108 | D        | Noticed Sigmund
   116 | D        | Killed Sigmund
   116 | D        | Reached ** piety under Trog
   117 | D        | Reached skill level 8 in Unarmed Combat
   117 | D        | Reached XP level 5. HP: 44/61 MP: 4/4
   117 | D        | Reached XP level 6. HP: 49/68 MP: 5/5
   131 | D        | Found an ornate altar of the Wu Jian Council.
   131 | D        | Found a shimmering blue altar of Sif Muna.
   133 | D        | Found a radiant altar of Vehumet.
   166 | D        | Found Fodeth's Antique Armour Emporium.
   166 | D        | Found an ancient bone altar of Kikubaaqudgha.
   166 | D        | Found a hazy altar of Hepliaklqana.
   166 | D        | Found a stormy altar of Qazlal.
   166 | D        | Found a hide-covered altar of Uskayaw.
   166 | D        | Found a blossoming altar of Fedhas.
   166 | D        | Found a bloodstained altar of Trog.
   166 | D        | Found an iron altar of Okawaru.
   166 | D        | Found a basalt altar of Yredelemnul.
   166 | D        | Found a glowing golden altar of the Shining One.
   166 | D        | Found a snail-covered altar of Cheibriados.
   166 | D        | Found a sacrificial altar of Ru.
   166 | D        | Found a glowing silver altar of Zin.
   166 | D        | Found a shadowy altar of Dithmenos.
   166 | D        | Found a white marble altar of Elyvilon.
   166 | D        | Noticed a yak
   168 | D        | Killed a yak
   169 | D        | Reached skill level 9 in Unarmed Combat
   169 | D        | Found an opulent altar of Gozag.
   170 | D        | Found a sparkling altar of Nemelex Xobeh.
   195 | D        | Found a burning altar of Makhleb.
   195 | D        | Found a viscous altar of Jiyva.
   195 | D        | Found a shimmering altar of Xom.
   195 | D        | Found a corrupted altar of Lugonu.
   195 | D        | Noticed a slime creature
   202 | D        | Killed a slime creature
   203 | D        | Reached skill level 10 in Unarmed Combat
   203 | D        | Reached XP level 7. HP: 52/80 MP: 6/6
   230 | D        | Noticed a kobold demonologist
   230 | D        | Noticed a kobold demonologist
   231 | D        | Paralysed by a floating eye for 4 turns
   235 | D        | Reached *** piety under Trog
   236 | D        | Noticed a hellwing
   255 | D        | Killed a kobold demonologist
   256 | D        | Reached skill level 11 in Unarmed Combat
   258 | D        | Killed a kobold demonologist
   258 | D        | Reached **** piety under Trog
   259 | D        | Reached XP level 8. HP: 42/92 MP: 7/7
   307 | D        | Noticed Sonja
   324 | D        | Killed Sonja
   325 | D        | Reached skill level 12 in Unarmed Combat
   433 | D        | Found Wuonkiro's Book Boutique.
   443 | D        | Noticed a shining eye
   443 | D        | Noticed a shining eye
   443 | D        | Noticed a shining eye
   443 | D        | Noticed a shining eye
   443 | D        | Noticed a shining eye
   443 | D        | Noticed a shining eye
   446 | D        | Paralysed by a floating eye for 3 turns
   448 | D        | Reached skill level 13 in Unarmed Combat
   448 | D        | Killed a shining eye
   449 | D        | Reached skill level 10 in Fighting
   449 | D        | Reached XP level 9. HP: 101/101 MP: 8/8
   450 | D        | Reached skill level 10 in Dodging
   451 | D        | Killed a shining eye
   452 | D        | Reached skill level 14 in Unarmed Combat
   452 | D        | Gained mutation: You are dopey. (Int -2) [a shining eye]
   453 | D        | Killed a shining eye
   454 | D        | Killed a shining eye
   454 | D        | Reached ***** piety under Trog
   458 | D        | Killed a shining eye
   459 | D        | Reached skill level 15 in Unarmed Combat
   462 | D        | Gained mutation: You occasionally shout uncontrollably at
                  | your foes. [a shining eye]
   469 | D        | Killed a shining eye
   470 | D        | Reached XP level 10. HP: 114/114 MP: 9/9
   471 | D        | Noticed a shining eye
   471 | D        | Noticed a shining eye
   471 | D        | Paralysed by a floating eye for 4 turns
   473 | D        | Gained mutation: Your magical capacity is low. (-10% MP) [a
                  | shining eye]
   474 | D        | Gained mutation: You are clumsy. (Dex -2) [a shining eye]
   475 | D        | Gained mutation: You are frail. (-10% HP) [a shining eye]
   478 | D        | Killed a shining eye
   481 | D        | Gained mutation: You are vulnerable to cold. (rC-) [a
                  | shining eye]
   484 | D        | Gained mutation: You occasionally lose the ability to read
                  | scrolls when taking damage. [a shining eye]
   588 | D        | Gained mutation: You sometimes lose the ability to read
                  | scrolls when taking damage. [a shining eye]
   594 | D        | Killed a shining eye
   594 | D        | Received a gift from Trog
   595 | D        | Reached skill level 16 in Unarmed Combat
   599 | D        | Found Apoat's Antique Armour Shop.
   599 | D        | Found Beod's Book Emporium.
   599 | D        | Found Qeulumus's Book Boutique.
   600 | D        | Found Hogodgh's Armour Shoppe.
   621 | D        | Bought a +0 kite shield for 54 gold pieces
   644 | D        | Noticed a deep troll
   648 | D        | Killed a deep troll
   658 | D        | Found Zuppofir's Armour Emporium.
   701 | D        | Noticed a centaur warrior
   705 | D        | Noticed a centaur warrior
   709 | D        | Killed a centaur warrior
   714 | D        | Killed a centaur warrior
   715 | D        | Reached skill level 17 in Unarmed Combat
   800 | D        | Noticed an oklob plant
   806 | D        | Killed an oklob plant
   820 | D        | Reached ****** piety under Trog
   821 | D        | Reached skill level 1 in Shields
   932 | D        | Reached XP level 11. HP: 81/110 MP: 8/8
   966 | D        | Received a gift from Trog
   970 | D        | Reached skill level 1 in Throwing
   989 | D        | Paralysed by a floating eye for 4 turns
   994 | D        | Reached skill level 18 in Unarmed Combat
  1000 | D        | Received a gift from Trog
  1034 | D        | Found Aloetu's Book Shoppe.
  1034 | D        | Found Zaywif's General Store.
  1034 | D        | Found Xocad's Armour Boutique.
  1036 | D        | Found Haeruj's Antique Weapon Emporium.
  1036 | D        | Found Fuvot's General Store.
  1036 | D        | Found Diukk's Armour Shoppe.
  1036 | D        | Found Caucudd's Distillery.
  1036 | D        | Found Nailugud's Antique Armour Emporium.
  1036 | D        | Found Ulonucing's Antique Weapon Shop.
  1036 | D        | Found Oplanot's Antique Armour Shoppe.
  1038 | D        | Found Ivunav's Assorted Antiques.
  1039 | D        | Found Saezes's Magic Scroll Emporium.
  1039 | D        | Found Zizokim's Assorted Antiques.
  1040 | D        | Found Lipheb's General Store.
  1042 | D        | Bought a potion of mutation for 96 gold pieces
  1042 | D        | Bought a potion of heal wounds for 60 gold pieces
  1042 | D        | Bought a potion of heal wounds for 60 gold pieces
  1045 | D        | Bought polished fire dragon scales for 1235 gold pieces
  1045 | D        | Identified the +6 fire dragon scales "Seulod" {rF++ rC-
                  | Regen+} (You bought it in a shop in the Dungeon)
  1051 | D        | Bought a scroll of magic mapping for 75 gold pieces
  1127 | D        | Received a gift from Trog
  1152 | D        | Noticed a lindwurm
  1155 | D        | Killed a lindwurm
  1156 | D        | Reached skill level 1 in Armour
  1178 | D        | Reached skill level 19 in Unarmed Combat
  1186 | D        | Received a gift from Trog
  1218 | D        | Noticed a daeva
  1225 | D        | Noticed a 12-headed hydra
  1231 | D        | Paralysed by a floating eye for 3 turns
  1232 | D        | HP: 1/166 [16-headed hydra (11)]
  1233 | D        | Slain by a 16-headed hydra

Illustrated notes

Levels and vault maps discovered:
D:        dungeon_sprint_1 [red_sonja_temple_1, red_sonja_temple_small_1]

Skill      XL: |  1  2  3  4  5  6  7  8  9 10 11 |
---------------+----------------------------------+-----
Fighting       | 3 5 6 8 9 10 11 12 | 12.7
Dodging        | 3 4 6 7 8 9 11 12 13 | 13.5
Unarmed Combat | 4 6 8 10 11 13 15 17 19 | 19.6
Shields        | 1 3 |  3.5
Throwing       | 1 |  1.3
Armour         | 1 |  1.8

Action                     |  1- 3 |  4- 6 |  7- 9 | 10-12 || total
---------------------------+-------+-------+-------+-------++-------
  Melee: Unarmed           |     6 |    16 |    29 |   125 ||   176
         Punch             |       |     3 |     1 |     1 ||     5
  Throw: Boomerang         |       |       |     1 |       ||     1
         Dart              |       |       |       |     1 ||     1
 Invoke: Berserk           |     2 |       |       |     3 ||     5
         Brothers in Arms  |       |       |     1 |       ||     1
    Use: Potion            |       |       |     1 |     1 ||     2
         Scroll            |       |       |       |     2 ||     2
 Armour: Animal skin       |     1 |     3 |    18 |    10 ||    32
         Fire dragon scale |       |       |       |    52 ||    52
  Dodge: Dodged            |       |     3 |    42 |    46 ||    91
  Block: Kite shield       |       |       |       |    31 ||    31

Table legend: (Time is in decaauts)
 A = Elapsed time spent in this place.
 B = Non-inter-level travel time spent in this place.
 C = Inter-level travel time spent in this place.
 D = Time resting spent in this place.
 E = Time spent auto-exploring this place.
 F = Levels seen in this place.
 G = Mean time per level.
                   A        B        C        D        E       F      G
               +--------+--------+--------+--------+--------+-----+--------+
         Total |   1247 |   1246 |      1 |    363 |    210 |   1 | 1247.0 |
       Dungeon |   1247 |   1246 |      1 |    363 |    210 |   1 | 1247.0 |
               +--------+--------+--------+--------+--------+-----+--------+

Top non-repeatable levels by time:
       D: 1247 daAuts
